 Dungeon Crawl Stone Soup version 0.30-a0-799-g109b55a442 (webtiles) character file.

Game seed: 11288315922567986683

9347 cforsyth the Fighter (level 11, 0/89 HPs)
             Began as a Djinni Conjurer on Feb 20, 2023.
             Shot with an arrow by a centaur warrior (25 damage)
             ... on level 9 of the Dungeon.
             The game lasted 00:23:58 (8144 turns).

cforsyth the Fighter (Djinni Conjurer)              Turns: 8144, Time: 00:23:58

Health: 0/89       AC:  6    Str:  6    XL:     11   Next: 72%
Gold:   276        EV: 11    Int: 25    God:
                   SH:  0    Dex: 11

rFire   + + .      SeeInvis .    (no weapon)
rCold   . . .      Faith    .    (no shield)
rNeg    . . .      Spirit   .    v - +1 troll leather armour
rPois   ∞          Reflect  .    (no helmet)
rElec   .          Harm     .    b - +0 cloak
rCorr   .          Rampage  .    (no gloves)
Will    +....                    (boots unavailable)
Stlth   +                        t - amulet of regeneration
HPRegen 1.94/turn                p - ring of protection from cold
MPRegen 0.00/turn                (no ring)

@: flying
A: sickness immunity, fire resistance 2, cold vulnerability 1, float, innate
caster, HP casting, extra vitality 1
a: no special abilities


You were on level 9 of the Dungeon.
You visited 1 branch of the dungeon, and saw 9 of its levels.

You collected 666 gold pieces.
You spent 390 gold pieces at shops.

Inventory:

Armour
 a - a +0 robe
 b - a +0 cloak (worn)
 v - a +1 troll leather armour (worn)
Jewellery
 p - a ring of protection from cold (left hand)
 t - an amulet of regeneration (around neck)
Wands
 q - a wand of iceblast (5)
 u - a wand of charming (3)
 w - a wand of digging (4)
 z - a wand of polymorph (6)
Scrolls
 c - 2 scrolls of immolation
 e - a scroll of butterflies {unknown}
 g - 2 scrolls of fear
 h - 2 scrolls of enchant weapon {unknown}
 j - a scroll of amnesia {unknown}
 k - a scroll of fog {unknown}
 n - a scroll of poison
 r - a scroll of enchant armour
 y - a scroll of silence
Potions
 d - 5 potions of curing
 f - a potion of attraction
 i - a potion of ambrosia
 l - a potion of invisibility
 m - a potion of resistance
 o - a potion of mutation
 s - 2 potions of heal wounds
 x - a potion of brilliance


   Skills:
 + Level 12.1 Fighting
 - Level 2.2 Dodging
 - Level 1.5 Stealth
 + Level 10.5 Spellcasting


You knew the following spells:

 Your Spells              Type           Power      Damage    Failure   Level
a - Magic Dart            Conj           100%       1d8       1%          1
b - Searing Ray           Conj           100%       2d8       1%          2
c - Dazzling Flash        Conj/Hex       100%       N/A       1%          3
d - Fulminant Prism       Conj/Hex       30%        3d15      1%          4
e - Iskenderun's Mystic   Conj/Tloc      60%        2d13      1%          4
f - Foxfire               Conj/Fire      100%       2x1d9     1%          1
g - Poisonous Vapours     Pois/Air       100%       N/A       1%          2
h - Inner Flame           Hex/Fire       60%        N/A       1%          3
i - Anguish               Hex/Necr       30%        N/A       1%          4
j - Sticky Flame          Conj/Fire      60%        2d8       1%          4
Your spell library was empty.

Dungeon Overview and Level Annotations

Branches:
Dungeon (9/15)             Temple (0/1) D:4             Orc (0/2) D:9
   Lair: D:8-11

Altars:
Ashenzari
Elyvilon
Fedhas
Hepliaklqana
Makhleb
Okawaru
Uskayaw
The Shining One

Shops:
D:8 =

Annotations:
D:5 2 transporters, Esekla's ghost, weakling OpDe


Innate Abilities, Weirdness & Mutations

You are immune to sickness and miasma.
You are immune to poison.
Your flesh is very heat resistant. (rF++)
You are vulnerable to cold. (rC-)
You float through the air rather than walking.
You learn spells naturally, not from books.
Your magical power is your life essence.
You have superior vitality. (+4 MHP)


Message History

Poisonous vapours surround the centaur warrior!
The centaur warrior is poisoned.
The centaur warrior shouts!
The centaur warrior wields a +0 shortbow.
The centaur warrior shoots an arrow.
The arrow hits you!!
Casting: Poisonous Vapours (safe; 1% risk of failure)
Confirm with . or Enter, or press ? or * to list all spells.
Aiming: Fulminant Prism (mildly dangerous; 1% risk of failure)
Press: ? - help, Dir - move target, p - centaur warrior You conjure a prism of explosive energy!
A fulminant prism comes into view.
The centaur warrior shoots an arrow.
The arrow hits your fulminant prism!!
Your fulminant prism detonates feebly.
The centaur warrior shoots an arrow.
The arrow hits you!
Casting: Fulminant Prism (mildly dangerous; 1% risk of failure)
Confirm with . or Enter, or press ? or * to list all spells.
You conjure some foxfire!
The centaur warrior shoots an arrow.
The arrow hits you!!
The centaur warrior shoots an arrow.
The arrow barely misses you.
The foxfire hits the centaur warrior!
The centaur warrior is moderately wounded.
The foxfire hits the centaur warrior.
The centaur warrior is moderately wounded.
The centaur warrior shoots an arrow.
The arrow misses you.
There is an escape hatch in the ceiling here.
Casting: Foxfire (safe; 1% risk of failure)
Confirm with . or Enter, or press ? or * to list all spells.
Aiming: Fulminant Prism (mildly dangerous; 1% risk of failure)
Press: ? - help, Dir - move target You conjure a prism of explosive energy!
A fulminant prism comes into view.
The centaur warrior shoots an arrow.
The arrow hits you!
* * * LOW HITPOINT WARNING * * *
The centaur warrior shoots an arrow.
The arrow closely misses you.
Casting: Fulminant Prism (mildly dangerous; 1% risk of failure)
Confirm with . or Enter, or press ? or * to list all spells.
You conjure some foxfire!
* * * LOW HITPOINT WARNING * * *
The centaur warrior shoots an arrow.
The arrow hits you!!
You die...

##....###..## ##..##
##......#..## ##..##
##..)......## ##..###
##..>.......## ##..##
#............# ##...
#............## #..#
#.............## #.##
#.............v# #.# #
#............@.## .## ##
#........*..)v..## #.
.###................# ..
..###.......c.......##
#.#
..##.................#
#.#
......#.)............#
.. ###
.....................##
##.###..
..÷.##................#
#..##...
....######............##
#..#....


You could see a centaur warrior (very poisoned, ally target) and a friendly
fulminant prism.

Vanquished Creatures
  A centaur warrior (D:8)
  A boulder beetle (D:8)
  Erica (D:8)
  An ugly thing (D:8)
  Joseph (D:9)
  An efreet (D:8)
  A troll (D:9)
  2 hornets
  Prince Ribbit (D:8)
  6 yaks
  2 wyverns
  A wraith (D:8)
  A basilisk (D:8)
  3 steam dragons
  A vampire mosquito (D:8)
  Edmund (D:6)
  An acid dragon (D:8)
  3 water moccasins (D:8)
  Duvessa (D:7)
  A sky beast (D:6)
  5 orc warriors
  A black bear (shapeshifter) (D:8)
  3 ogres
  2 centaurs (D:8)
  A phantom (D:6)
  2 kobold brigands (D:8)
  7 bullfrogs
  10 wights (D:8)
  Dowan (D:7)
  5 killer bees
  2 howler monkeys
  A jelly (D:8)
  9 orc priests
  2 hounds (D:5)
  An iguana (D:5)
  7 orc wizards
  5 adders
  A shadow imp (D:5)
  A white imp (D:6)
  4 ufetubi
  3 worms
  6 dart slugs
  21 orcs
  8 endoplasms
  6 giant cockroaches
  2 hobgoblins
  8 jackals
  11 kobolds
  2 quokkas
  6 ball pythons
  7 bats
  12 goblins
  4 rats
197 creatures vanquished.

Vanquished Creatures (others)
  A catoblepas (D:8)
  A bullfrog (D:8)
  A howler monkey simulacrum (D:8)
  An orc (D:8)
  7 foxfires
  64 fulminant prisms
  8 plants (D:8)
83 creatures vanquished.

Grand Total: 280 creatures vanquished

Notes
Turn   | Place    | Note
-------+----------+-------------------------------------------
     0 | D:1      | cforsyth the Djinni Conjurer began the quest for the Orb.
     0 | D:1      | cforsyth set off with the following spells memorised: Magic
                  | Dart, Searing Ray, Dazzling Flash, Fulminant Prism,
                  | Iskenderun's Mystic Blast.
     0 | D:1      | Reached XP level 1. HP: 15/15 MP: 0/0
    39 | D:1      | Reached XP level 2. HP: 12/21 MP: 0/0
   344 | D:1      | Reached XP level 3. HP: 24/25 MP: 0/0
   344 | D:1      | Learned a level 1 spell: Foxfire
   516 | D:1      | Found a faded altar of an unknown god.
   769 | D:2      | Reached XP level 4. HP: 22/31 MP: 0/0
  1787 | D:3      | Found a hide-covered altar of Uskayaw.
  1799 | D:3      | Reached XP level 5. HP: 35/36 MP: 0/0
  1799 | D:3      | Learned a level 2 spell: Poisonous Vapours
  1864 | D:3      | Reached skill level 1 in Fighting
  2545 | D:4      | Found a hazy altar of Hepliaklqana.
  2548 | D:4      | Found a glowing golden altar of the Shining One.
  2792 | D:4      | Reached skill level 2 in Fighting
  2802 | D:4      | Reached skill level 5 in Spellcasting
  2802 | D:4      | Reached XP level 6. HP: 8/45 MP: 0/0
  2940 | D:4      | Found a staircase to the Ecumenical Temple.
  3075 | D:5      | Entered Level 5 of the Dungeon
  3160 | D:5      | Noticed Esekla's ghost (weakling OpDe)
  3161 | D:5      | Found a transporter.
  3163 | D:5      | Noticed an ogre
  3170 | D:5      | Found a transporter.
  3378 | D:5      | Reached skill level 3 in Fighting
  3541 | D:5      | Noticed an ogre
  3569 | D:5      | Killed an ogre
  3570 | D:5      | Reached XP level 7. HP: 24/50 MP: 0/0
  3570 | D:5      | Learned a level 3 spell: Inner Flame
  4162 | D:6      | Reached skill level 4 in Fighting
  4326 | D:6      | Found a burning altar of Makhleb.
  4327 | D:6      | Found a blossoming altar of Fedhas.
  4392 | D:6      | Noticed Edmund
  4405 | D:6      | Killed Edmund
  4753 | D:6      | Reached skill level 5 in Fighting
  4753 | D:6      | Reached XP level 8. HP: 27/59 MP: 0/0
  5028 | D:6      | Reached skill level 6 in Fighting
  5137 | D:6      | You are sucked into a shaft and drop 1 floor!
  5202 | D:7      | Noticed Dowan
  5203 | D:7      | Noticed Duvessa
  5206 | D:7      | Noticed a wyvern
  5210 | D:7      | Killed a wyvern
  5210 | D:7      | Killed Duvessa
  5211 | D:7      | Reached XP level 9. HP: 48/67 MP: 0/0
  5211 | D:7      | Learned a level 4 spell: Anguish
  5213 | D:7      | Killed Dowan
  5238 | D:7      | Found a broken altar of Ashenzari.
  5300 | D:7      | Found an iron altar of Okawaru.
  5522 | D:7      | Reached skill level 7 in Fighting
  5903 | D:8      | Noticed Prince Ribbit
  5908 | D:8      | Noticed a hornet
  5910 | D:8      | Killed Prince Ribbit
  5914 | D:8      | Killed a hornet
  5915 | D:8      | Reached skill level 8 in Fighting
  6217 | D:8      | Reached XP level 10. HP: 68/77 MP: 0/0
  6263 | D:8      | Killed a catoblepas
  6296 | D:8      | Noticed Erica
  6309 | D:8      | Killed Erica
  6310 | D:8      | Reached skill level 9 in Fighting
  6447 | D:8      | Noticed a boulder beetle
  6470 | D:8      | Killed a boulder beetle
  6471 | D:8      | Reached skill level 10 in Fighting
  6560 | D:8      | Noticed a purple ugly thing
  6576 | D:8      | Killed a purple ugly thing
  6577 | D:8      | Reached XP level 11. HP: 81/86 MP: 0/0
  6577 | D:8      | Learned a level 4 spell: Sticky Flame
  6898 | D:8      | Reached skill level 11 in Fighting
  6930 | D:8      | Found a white marble altar of Elyvilon.
  6967 | D:8      | Found Ratestri's Jewellery Boutique.
  6971 | D:8      | Bought an amulet of regeneration for 390 gold pieces
  7149 | D:8      | Noticed a centaur warrior
  7168 | D:8      | Killed a centaur warrior
  7229 | D:8      | Reached skill level 10 in Spellcasting
  7670 | D:9      | Found a staircase to the Orcish Mines.
  7795 | D:9      | Noticed a centaur warrior
  7802 | D:9      | Noticed a centaur warrior
  7812 | D:9      | HP: 4/89 [tengu conjurer/bolt of lightning (10)]
  7843 | D:9      | Noticed Joseph
  8043 | D:9      | Reached skill level 12 in Fighting
  8114 | D:9      | Killed Joseph
  8144 | D:9      | Shot with an arrow by a centaur warrior

Illustrated notes

Levels and vault maps discovered:
D:1:      lightli_arrival_chessboard, layout_basic,
          shapermc_ecumenical_altar_ellora, kennysheep_minor_cross
D:2:      layout_basic, minmay_tree_intersection
D:3:      layout_basic, nicolae_uskayaw_murder_on_the_dancefloor,
          general_overflow_altar, grunt_decor_fettered
D:4:      layout_basic, minitemple, minmay_temple_entry_grid
D:5:      layout_loops_ring, gammafunk_ghost_smash, dreamdust_wishing_well
D:6:      layout_loops_ring, chequers_temple_overflow_statue_of_worship,
          grunt_decor_junction, uniq_edmund
D:7:      layout_rooms, mainiacjoe_overflow_catch_the_wave, uniq_duvessa
D:8:      nzn_winding_woodlands_stair_cross
          [nzn_winding_woodlands_5x15_split_checker,
          nzn_winding_woodlands_center_lodge,
          nzn_winding_woodlands_5x15_lazy_stream,
          nzn_winding_woodlands_5x5_perimeter, nzn_winding_woodlands_5x5_cross,
          nzn_winding_woodlands_5x15_twine,
          nzn_winding_woodlands_center_pierced_h,
          nzn_winding_woodlands_5x15_pockets], layout_loops_corners,
          elyvilon_altar_3, serial_shops, nicolae_shop_behind_doors,
          lemuel_flamethrower_2, uniq_erica, uniq_prince_ribbit1
D:9:      wander_river, layout_cave_pods, mainiacjoe_overflow_alcove_2,
          minmay_pinched_square, uniq_joseph

Skill      XL: |  1  2  3  4  5  6  7  8  9 10 11 |
---------------+----------------------------------+-----
Spellcasting   | 4 5 6 8 9 10 | 10.5
Fighting       | 2 3 5 6 8 10 12 | 12.1
Dodging        | |  2.2
Stealth        | |  1.5

Action                     |  1- 3 |  4- 6 |  7- 9 | 10-12 || total
---------------------------+-------+-------+-------+-------++-------
  Melee: Unarmed           |       |     5 |       |     5 ||    10
   Cast: Magic Dart        |    60 |   133 |    46 |     7 ||   246
         Iskenderun's Myst |       |     8 |    51 |    35 ||    94
         Poisonous Vapours |       |     6 |    20 |    39 ||    65
         Fulminant Prism   |       |       |    17 |    48 ||    65
         Foxfire           |       |       |     1 |     5 ||     6
    Use: Potion            |       |     1 |     1 |     1 ||     3
         Scroll            |       |       |    11 |     7 ||    18
 Armour: Robe              |       |    13 |       |       ||    13
         Troll leather arm |       |       |     4 |    10 ||    14
  Dodge: Dodged            |     5 |    37 |    19 |    25 ||    86

Table legend: (Time is in decaauts)
 A = Elapsed time spent in this place.
 B = Non-inter-level travel time spent in this place.
 C = Inter-level travel time spent in this place.
 D = Time resting spent in this place.
 E = Time spent auto-exploring this place.
 F = Levels seen in this place.
 G = Mean time per level.
                   A        B        C        D        E       F      G
               +--------+--------+--------+--------+--------+-----+--------+
         Total |   8148 |   8015 |    133 |    638 |   6069 |   9 |  905.3 |
       Dungeon |   8148 |   8015 |    133 |    638 |   6069 |   9 |  905.3 |
               +--------+--------+--------+--------+--------+-----+--------+

Top non-repeatable levels by time:
     D:8: 1798 daAuts
     D:5: 1057 daAuts
     D:1: 1017 daAuts
     D:6: 1003 daAuts
     D:7: 786 daAuts
     D:2: 770 daAuts
     D:3: 693 daAuts
     D:4: 593 daAuts
     D:9: 426 daAuts
